 Dungeon Crawl Stone Soup version 0.29-a0-998-g1987434951 (webtiles) character file.

Game seed: 16797465193418788840

36 manyhoops the Ruffian (level 3, 0/28 HPs)
             Began as a Demigod Transmuter on Aug 5, 2022.
             Succumbed to an adder's poison
             ... on level 2 of the Dungeon.
             The game lasted 00:01:37 (1540 turns).

manyhoops the Ruffian (Demigod Transmuter)          Turns: 1540, Time: 00:01:37

Health: 0/28       AC:  2    Str: 15    XL:     3   Next: 5%
Magic:  8/8        EV: 12    Int: 15    God:
Gold:   38         SH:  0    Dex: 14    Spells: 2/5 levels left

rFire   . . .      SeeInvis .     - Unarmed
rCold   . . .      Faith    .   (no shield)
rNeg    . . .      Spirit   .   a - +0 robe
rPois   .          Reflect  .   (no helmet)
rElec   .          Harm     .   (no cloak)
rCorr   .          Rampage  .   (no gloves)
Will    .....                   (no boots)
Stlth   +.........              (no amulet)
HPRegen 0.09/turn               (no ring)
MPRegen 0.11/turn               (no ring)

@: mighty, lethally poisoned (0 -> -7)
A: high MP 1, forlorn, divine attributes
a: no special abilities


You were on level 2 of the Dungeon.
You visited 1 branch of the dungeon, and saw 2 of its levels.

You collected 38 gold pieces.

Inventory:

Armour
 a - a +0 robe (worn)
 f - a +2 chain mail of willpower
Scrolls
 d - a scroll of amnesia {unknown}
 e - a scroll of summoning {unknown}
 i - a scroll of immolation {unknown}
Potions
 b - a potion of lignification
 c - a potion of might
 g - a potion of heal wounds {unknown}
 h - a potion of resistance {unknown}


   Skills:
 * Level 1.6 Fighting
 - Level 1.7 Dodging
 + Level 3.6 Unarmed Combat
 - Level 1.7 Spellcasting
 - Level 1.7 Transmutations


You had 2 spell levels left.
You knew the following spells:

 Your Spells              Type           Power      Damage    Failure   Level
a - Beastly Appendage     Tmut           12%        N/A       11%         1
b - Wereblood             Tmut           6%         N/A       17%         2

Your spell library contained the following spells:

 Spells                   Type           Power      Damage    Failure   Level
 Apportation              Tloc           2%         N/A       22%         1
 Necrotise                Necr           4%         1d4       22%         1
 Shock                    Conj/Air       4%         1d3       22%         1
 Summon Small Mammal      Summ           4%         N/A       22%         1
 Spider Form              Tmut/Pois      3%         N/A       43%         3
 Swiftness                Air            1%         N/A       56%         3
 Ice Form                 Ice/Tmut       3%         N/A       85%         4
 Airstrike                Air            0%         2d(1-17)  92%         4


Dungeon Overview and Level Annotations

Branches:
Dungeon (2/15)

Shops:
D:1 (


Innate Abilities, Weirdness & Mutations

You have an increased reservoir of magic. (+10% MP)
You shall have no god before yourself.
Your divine heritage dramatically boosts your attributes as you level up.


Message History

The adder hisses angrily.
The worm misses you.
You hit the worm but do no damage. You claw the worm, but do no damage.
You headbutt the worm.
The worm is heavily wounded.
The adder barely misses you. The adder bites you.
The worm completely misses you.
You hit the worm.
The worm is heavily wounded.
The adder misses you.
You barely miss the worm.
The worm is heavily wounded.
The adder bites you.
You are poisoned.
The adder poisons you! The worm bites you.
You hit the worm. You claw the worm.
The worm is almost dead.
You feel sick. The adder misses you.
You hit the worm.
You kill the worm!
You feel sick. The adder bites you.
You have reached level 3!
Your experience leads to a dramatic increase in your attributes!
Increase (S)trength, (I)ntelligence, or (D)exterity?
You feel stronger. x4
You hit the adder. Your kick misses the adder. Your headbutt misses the adder.
The adder is lightly wounded.
You feel sick. The adder bites you. x2
* * * LOW HITPOINT WARNING * * *
You are lethally poisoned!
The adder poisons you!
You hit the adder. Your kick misses the adder. Your punch misses the adder.
The adder is heavily wounded.
* * * LOW HITPOINT WARNING * * *
You feel sick. The adder bites you.
* * * LOW HITPOINT WARNING * * *
It was a potion of might.
You feel very mighty all of a sudden.
Your horns disappear.
Your talons disappear.
You die...

#. #.. #. #.. #. ##..
#. ... #. #####.> #.
#...... #.
#..S################.
#...@................
#...###.#############
#.$?. #.# ....### #.#
... #.# ## #.# #.#
#.#


You could see an adder.

Vanquished Creatures
  A gnoll (D:1)
  A worm (D:2)
  2 endoplasms
  2 hobgoblins (D:1)
  4 kobolds
  2 ball pythons (D:1)
  A bat (D:2)
  3 frilled lizards
  4 goblins
  4 rats (D:1)
24 creatures vanquished.

Vanquished Creatures (others)
  2 demonic plants (D:1)
2 creatures vanquished.

Grand Total: 26 creatures vanquished

Notes
Turn   | Place    | Note
-------+----------+-------------------------------------------
     0 | D:1      | manyhoops the Demigod Transmuter began the quest for the
                  | Orb.
     0 | D:1      | Reached XP level 1. HP: 15/15 MP: 5/5
    38 | D:1      | Reached skill level 1 in Fighting
   163 | D:1      | Reached skill level 3 in Unarmed Combat
   163 | D:1      | Reached XP level 2. HP: 17/23 MP: 7/7
   271 | D:1      | Found Toneha Abbu's Weapon Shoppe.
   989 | D:1      | Learned a level 2 spell: Wereblood
  1538 | D:2      | Reached XP level 3. HP: 11/28 MP: 8/8
  1540 | D:2      | Succumbed to an adder's poison

Illustrated notes

Levels and vault maps discovered:
D:1:      dpeg_arrival_renting, layout_basic, serial_shops,
          nicolae_shop_bloodbath_and_beyond, shapermc_ecumenical_altar_gd
D:2:      layout_loops_ring, basic_altar

Skill      XL: |  1 |
---------------+----+-----
Fighting       | 1 |  1.6
Unarmed Combat | 3 |  3.6
Dodging        | |  1.7
Spellcasting   | |  1.7
Transmutations | |  1.7

Action                   || total
-------------------------++-------
Melee: Unarmed           ||    63
       Kick              ||    10
       Headbutt          ||     6
 Cast: Beastly Appendage ||    21
  Use: Potion            ||     1
 Stab: Sleeping          ||     2
Armor: Robe              ||     3
Dodge: Dodged            ||    22

Table legend: (Time is in decaauts)
 A = Elapsed time spent in this place.
 B = Non-inter-level travel time spent in this place.
 C = Inter-level travel time spent in this place.
 D = Time resting spent in this place.
 E = Time spent auto-exploring this place.
 F = Levels seen in this place.
 G = Mean time per level.
                   A        B        C        D        E       F      G
               +--------+--------+--------+--------+--------+-----+--------+
         Total |   1536 |   1501 |     35 |      0 |   1321 |   2 |  768.0 |
       Dungeon |   1536 |   1501 |     35 |      0 |   1321 |   2 |  768.0 |
               +--------+--------+--------+--------+--------+-----+--------+

Top non-repeatable levels by time:
     D:1: 1022 daAuts
     D:2: 513 daAuts
